 Dungeon Crawl Stone Soup version 0.29.1-13-g9f3cf754e1 (webtiles) character file.

Game seed: 7923448099170175280

182 croobank the Conjurer (level 5, 0/33 HPs)
             Began as an Octopode Conjurer on Feb 1, 2023.
             Slain by a gnoll
             ... wielding a +0 halberd
              (14 damage)
             ... on level 3 of the Dungeon.
             The game lasted 00:07:45 (3333 turns).

croobank the Conjurer (Octopode Conjurer)           Turns: 3333, Time: 00:07:45

Health: 0/33       AC:  1    Str:  6    XL:     5   Next: 62%
Magic:  9/9        EV: 13    Int: 23    God:
Gold:   85         SH:  5    Dex: 10    Spells: 3/9 levels left

rFire   . . .      SeeInvis .   c - +0 spear
rCold   . . .      Faith    .   (no shield)
rNeg    . . .      Spirit   .   (helmet restricted)
rPois   .          Reflect  +   m - amulet of reflection
rElec   .          Harm     .   (no ring)
rCorr   .          Rampage  .   (no ring)
Will    .....                   (no ring)
Stlth   +++.......              (no ring)
HPRegen 0.11/turn               (no ring)
MPRegen 0.11/turn               (no ring)
                                (no ring)
                                (no ring)

@: mighty
A: almost no armour, amphibious, 8 rings, camouflage 1, gelatinous body 1,
(nimble swimmer 1), tentacles
a: no special abilities


You were on level 3 of the Dungeon.
You visited 1 branch of the dungeon, and saw 3 of its levels.

You collected 85 gold pieces.

Inventory:

Hand Weapons
 c - a +0 spear (weapon)
 e - a +0 long sword
 f - a +0 short sword
 j - a +0 quarterstaff
Missiles
 d - 4 boomerangs
Armour
 l - an orb of energy
Jewellery
 h - a ring of ice
 i - an amulet of the acrobat
 m - an amulet of reflection (around mantle)
Scrolls
 b - a scroll of magic mapping
 g - 2 scrolls of torment
 o - a scroll of vulnerability {unknown}
 p - a scroll of fog
Potions
 a - a potion of magic
 k - a potion of attraction


   Skills:
 + Level 1.6 Fighting
 + Level 3.0 Dodging
 + Level 4.2 Stealth
 + Level 2.9 Spellcasting
 + Level 4.6 Conjurations
 + Level 1.0 Hexes


You had 3 spell levels left.
You knew the following spells:

 Your Spells              Type           Power      Damage    Failure   Level
a - Magic Dart            Conj           96%        1d7       1%          1
b - Searing Ray           Conj           48%        2d6       2%          2
c - Dazzling Flash        Conj/Hex       32%        N/A       11%         3

Your spell library contained the following spells:

 Spells                   Type           Power      Damage    Failure   Level
 Fulminant Prism          Conj/Hex       8%         3d7       36%         4
 Iskenderun's Mystic Bla  Conj/Tloc      14%        2d5       41%         4


Dungeon Overview and Level Annotations

Branches:
Dungeon (3/15)

Altars:


Innate Abilities, Weirdness & Mutations

You cannot wear most types of armour.
You are amphibious.
You can wear up to eight rings at the same time.
Your skin changes colour to match your surroundings (Stealth+).
Your rubbery body absorbs attacks. (AC +1, EV +1)
((You are camouflaged when in or above water. (Stealth+)))
You have tentacles for arms and can constrict up to eight enemies at once.


Message History

No target in view!
You see here a ball python corpse.
Reach: c) +0 spear
Press: ? - help, Dir - move target, f - gnoll
Aim: a gnoll, wielding a +0 halberd (wandering, hasn't noticed you, about 39% to evade your +0 spear)
You reach to attack!
The gnoll shouts!
You hit the gnoll.
The gnoll is lightly wounded.
The gnoll misses you. The gnoll closely misses you.
Reach: c) +0 spear
Press: ? - help, Dir - move target, f/p - gnoll
Aim: a gnoll, wielding a +0 halberd (lightly wounded, about 39% to evade your +0 spear)
You reach to attack!
You hit the gnoll.
The gnoll is moderately wounded.
The gnoll misses you. The gnoll attacks as you move away!
The gnoll hits you with a +0 whip! The gnoll attacks as you move away!
The gnoll barely misses you. The gnoll attacks as you move away!
The gnoll closely misses you. The gnoll attacks as you move away!
The gnoll misses you. The gnoll attacks as you move away!
The gnoll hits you with a +0 whip! The gnoll attacks as you move away!
The gnoll hits you with a +0 whip. The gnoll attacks as you move away!
The gnoll barely misses you. The gnoll attacks as you move away!
You block the gnoll's attack.
It was a potion of might.
You feel very mighty all of a sudden. The gnoll barely misses you.
You puncture the gnoll! Your grab misses the gnoll.
The gnoll is severely wounded.
The gnoll barely misses you. The gnoll closely misses you.
You puncture the gnoll!
You kill the gnoll!
The gnoll barely misses you.
Reach: c) +0 spear
Press: ? - help, Dir - move target, f/p - gnoll
Aim: a gnoll, wielding a +0 halberd (moderately wounded, about 39% to evade your +0 spear)
You reach to attack!
You barely miss the gnoll.
The gnoll is moderately wounded.
The gnoll hits you from afar with a +0 halberd!
You die...

.....#.##########.'.....≈# #≈.
.....#.#......)...'.....≈# #≈.
...†.#).....###...#≈....≈# #≈.
.....#......#.....#≈...)≈######≈.
###.........#.....#≈≈....≈≈≈≈≈≈..
###.........#.....##≈≈...........
.##.....###........##≈≈..........
.##.....# #.#....#..##≈≈........≈
.######## #.####@#...##≈≈......≈≈
.# ########'####)#....##≈≈≈..≈≈≈#
.# #...#.......#g......####''####
.###...#.......#.............#
......)#.......+....####+#.###
.......#.......#.#..####.#.###
.......#.......#.......#.....#
.......................###.#.#
.........######........# #.#.#


You could see a gnoll.

Vanquished Creatures
  An orc priest (D:3)
  2 gnolls (D:3)
  5 adders
  2 worms (D:2)
  A dart slug (D:3)
  4 orcs (D:3)
  8 ball pythons
  6 endoplasms
  5 giant cockroaches
  3 hobgoblins
  3 jackals
  4 kobolds
  5 quokkas
  8 bats
  5 frilled lizards
  6 goblins (D:1)
  8 rats
76 creatures vanquished.

Notes
Turn   | Place    | Note
-------+----------+-------------------------------------------
     0 | D:1      | croobank the Octopode Conjurer began the quest for the Orb.
     0 | D:1      | Reached XP level 1. HP: 11/11 MP: 3/3
    87 | D:1      | Reached XP level 2. HP: 7/17 MP: 5/5
   288 | D:1      | Learned a level 2 spell: Searing Ray
   879 | D:1      | Reached XP level 3. HP: 21/22 MP: 6/6
  1166 | D:2      | Reached skill level 1 in Fighting
  1166 | D:2      | Reached XP level 4. HP: 28/28 MP: 3/7
  1663 | D:2      | Learned a level 3 spell: Dazzling Flash
  1958 | D:2      | Found a faded altar of an unknown god.
  2415 | D:3      | Reached XP level 5. HP: 28/33 MP: 7/9
  3254 | D:3      | Reached skill level 1 in Hexes
  3333 | D:3      | Slain by a gnoll

Illustrated notes

Levels and vault maps discovered:
D:1:      eino_arrival_druids_welcome, layout_basic
D:2:      layout_rooms, hellmonk_ecumenical_altar_leap_of_faith
D:3:      layout_basic, grunt_ministairs_4, kennysheep_big_empty_room,
          kennysheep_generic_room_9

Skill      XL: |  1  2  3  4  5 |
---------------+----------------+-----
Stealth        | 3 4 |  4.2
Fighting       | 1 |  1.6
Dodging        | 3 |  3.0
Hexes          | 1 |  1.0
Spellcasting   | |  2.9
Conjurations   | |  4.6

Action                   |  1- 3 |  4- 6 || total
-------------------------+-------+-------++-------
Melee: Unarmed           |    10 |       ||    10
       Tentacles         |    11 |    13 ||    24
       Spear             |    54 |   108 ||   162
       Constrict         |    10 |    17 ||    27
 Cast: Magic Dart        |     5 |     6 ||    11
       Searing Ray       |     9 |     8 ||    17
       Dazzling Flash    |       |     2 ||     2
  Use: Scroll            |     2 |     7 ||     9
       Potion            |       |     2 ||     2
 Stab: Sleeping          |    13 |    13 ||    26
Armor: Skin              |     5 |     4 ||     9
Dodge: Dodged            |    34 |    59 ||    93
Block: Other             |       |    16 ||    16
